 Dungeon Crawl Stone Soup version 0.28.0-43-g3370ac3207 (webtiles) character file.

Game seed: 298353028462631461

103 issech the Cudgeller (level 4, -3/44 HPs)
             Began as a Troll Monk on Mar 26, 2022.
             Killed by nerve-wracking pain
             ... invoked by Grinder
              (13 damage)
             ... while paralysed by Grinder
             ... on level 3 of the Dungeon.
             The game lasted 00:07:09 (1996 turns).

issech the Cudgeller (Troll Monk)                   Turns: 1996, Time: 00:07:10

Health: -3/44      AC:  4    Str: 19    XL:     4   Next: 51%
Magic:  3/3        EV:  1    Int:  6    God:
Gold:   79         SH:  0    Dex: 14    Spells: 3/3 levels left

rFire   . . .      SeeInvis .   a - +0 mace
rCold   . . .      Faith    .   (no shield)
rNeg    . . .      Spirit   .   b - +0 robe
rPois   .          Reflect  .   (helmet restricted)
rElec   .          Harm     .   (no cloak)
rCorr   .          Rampage  .   (gloves unavailable)
Will    .....                   (boots unavailable)
Stlth   ++........              (no amulet)
HPRegen 0.94/turn               (no ring)
MPRegen 0.08/turn               (no ring)

@: paralysed
A: large, unfitting armour, claws 3, regeneration 1, shaggy fur 1, tough skin 1
a: no special abilities


You were on level 3 of the Dungeon.
You visited 1 branch of the dungeon, and saw 3 of its levels.

You collected 79 gold pieces.

Inventory:

Hand Weapons
 a - a +0 mace (weapon)
Missiles
 c - 17 poisoned darts (quivered)
 d - 88 stones
 g - 36 arrows
Armour
 b - a +0 robe (worn)
Scrolls
 e - a scroll of torment {unknown}
 h - a scroll of teleportation {unknown}
 j - a scroll of identify {unknown}
 k - a scroll of fear {unknown}
 l - a scroll of blinking {unknown}
Potions
 f - 3 potions of degeneration {unknown}
 i - a potion of brilliance {unknown}


   Skills:
 + Level 2.9 Fighting
 + Level 3.9 Maces & Flails
 + Level 2.9 Dodging
 + Level 1.2 Stealth


You had 3 spell levels left.
You didn't know any spells.
Your spell library contained the following spells:

 Spells                   Type           Power      Damage    Failure   Level
 Magic Dart               Conj           0%         1d3       45%         1
 Summon Small Mammal      Summ           0%         N/A       45%         1
 Call Imp                 Summ           0%         N/A       58%         2
 Call Canine Familiar     Summ           0%         N/A       83%         3
 Mephitic Cloud           Conj/Pois/Air  0%         N/A       83%         3
 Summon Guardian Golem    Hex/Summ       0%         N/A       83%         3


Dungeon Overview and Level Annotations

Branches:
Dungeon (3/15)

Altars:
Fedhas

Annotations:
D:3 Grinder


Innate Abilities, Weirdness & Mutations

You are too large for most types of armour.
You have claws for hands.
Your natural rate of healing is unusually fast.
You are covered in fur. (AC +1)
You have tough skin. (AC +1)


Message History

Grinder hits you.
You writhe in agony.
You hit Grinder.
Grinder is severely wounded.
Grinder hits you but does no damage. Grinder gestures at you.
Pain shoots through your body!
You barely miss Grinder.
Grinder is severely wounded.
Grinder hits you.
You writhe in agony.
* * * LOW HITPOINT WARNING * * *
You hit Grinder.
Grinder is severely wounded.
Grinder says, "You look like you could use a good racking."
Grinder hits you.
* * * LOW HITPOINT WARNING * * *
You writhe in agony.
* * * LOW HITPOINT WARNING * * *
Grinder blinks!
You see here a +0 dagger.
Grinder blinks!
You see here a +0 dagger.
Grinder hits you!
* * * LOW HITPOINT WARNING * * *
You writhe in agony.
* * * LOW HITPOINT WARNING * * *
You hit Grinder.
Grinder is severely wounded.
Grinder hits you!
* * * LOW HITPOINT WARNING * * *
You barely miss Grinder.
Grinder is severely wounded.
Grinder gestures at you.
You barely resist.
Unknown command.
You see here a +0 dagger.
Grinder gestures at you.
You suddenly lose the ability to move!
Grinder gestures at you. Pain shoots through your body!
You die...

##### #...# #...#
#...# #...##
#....#####
#........####
#...####....###
###..# ####@5.##
##.##
###..#############
#..#
##......##......
##.#
######.##......
#.# #......... #.#
###.5..... #.#
###...## #.#
##..#. #.# ##....


You could see Grinder.

Vanquished Creatures
  An orc wizard (D:2)
  4 adders
  2 worms
  3 orcs (D:2)
  3 endoplasms
  A giant cockroach (D:1)
  3 goblins
  3 hobgoblins
  5 kobolds
  2 quokkas
  A ball python (D:2)
  3 bats
  A frilled lizard (D:1)
  6 rats
38 creatures vanquished.

Notes
Turn   | Place    | Note
-------+----------+-------------------------------------------
     0 | D:1      | issech the Troll Monk began the quest for the Orb.
     0 | D:1      | Reached XP level 1. HP: 22/22 MP: 0/0
   221 | D:1      | Reached skill level 3 in Maces & Flails
   312 | D:1      | Reached XP level 2. HP: 29/29 MP: 1/1
   767 | D:1      | Found a faded altar of an unknown god.
  1231 | D:2      | Reached XP level 3. HP: 30/36 MP: 2/2
  1439 | D:2      | Found a blossoming altar of Fedhas.
  1753 | D:3      | Reached XP level 4. HP: 31/44 MP: 3/3
  1772 | D:3      | Noticed Grinder
  1875 | D:3      | Paralysed by Grinder for 4 turns
  1963 | D:3      | Paralysed by Grinder for 6 turns
  1994 | D:3      | Paralysed by Grinder for 4 turns
  1996 | D:3      | Killed from afar by Grinder

Illustrated notes

Levels and vault maps discovered:
D:1:      dpeg_arrival_simpleton_c, layout_basic, ebering_ecumenical_altar_hall,
          chequers_serial_rivers_large_a
D:2:      layout_basic, basic_altar, kennysheep_generic_room_11
D:3:      layout_rooms, uniq_grinder

Skill      XL: |  1 |
---------------+----+-----
Maces & Flails | 3 |  3.9
Fighting       | |  2.9
Dodging        | |  2.9
Stealth        | |  1.2

Action                   |  1- 3 |  4- 6 || total
-------------------------+-------+-------++-------
Melee: Mace              |   112 |    54 ||   166
       Punch             |     1 |     1 ||     2
 Stab: Sleeping          |     3 |       ||     3
Armor: Robe              |    63 |    18 ||    81
Dodge: Dodged            |    81 |    16 ||    97
